 Dungeon Crawl Stone Soup version 0.14-a0-2119-ge69afc6 (webtiles) character file.

264 Jenx the Cudgeler (level 5, -1/50 HPs)
             Began as an Ogre Hunter on Jan 26, 2014.
             Splashed by a jelly's acid (16 damage)
             ... on Level 4 of the Dungeon.
             The game lasted 00:06:27 (2676 turns).

Jenx the Cudgeler (Ogre Hunter)                     Turns: 2676, Time: 00:06:27

HP  -1/50        AC  3     Str 17      XL: 5   Next: 56%
MP   5/5         EV 10     Int 10      God:
Gold 88          SH  0     Dex 11      Spells:  0 memorised,  4 levels left

rFire  . . .     SeeInvis .     a - +0,+1 orc mace (drain)
rCold  . . .     Clarity  .     b - +0 robe
rNeg   . . .     Conserve .     (shield restricted)
rPois  .         rCorr    .     (helmet restricted)
rElec  .         rRot     .     (no cloak)
SustAb . .       Spirit   .     (gloves unavailable)
rMut   .         Warding  .     (boots unavailable)
Saprov + . .     Stasis   .     (no amulet)
MR     .....                    (no ring)
                                (no ring)

@: not resistant to hostile enchantments, fairly stealthy
A: unfitting armour, fast metabolism 1, saprovore 1, tough skin 1
a: no special abilities


You were on level 4 of the Dungeon.
You were not hungry.

You visited 1 branch of the dungeon, and saw 4 of its levels.

You collected 88 gold pieces.

Inventory:

Hand weapons
 a - a +0,+1 orcish mace of draining (weapon)
Missiles
 o - 19 darts of flame
 u - 7 tomahawks
 y - a large rock (quivered)
Armour
 b - a +0 robe (worn)
Comestibles
 c - a bread ration
 f - 4 meat rations
 n - 2 pears
Scrolls
 e - 8 scrolls of identify {unknown}
 h - 5 scrolls of remove curse {unknown}
 i - a scroll of teleportation {unknown}
 j - a scroll of curse armour {unknown}
 k - 2 scrolls of fear {unknown}
 l - 2 scrolls of amnesia {unknown}
 p - a scroll of random uselessness {unknown}
 q - a scroll of curse weapon {unknown}
 t - 2 scrolls of magic mapping {unknown}
 x - a scroll of noise {unknown}
Potions
 d - a potion of curing {unknown}
 g - 3 potions of magic {unknown}
 m - a potion of invisibility {unknown}
 s - a potion of might {unknown}


   Skills:
 - Level 2.6 Fighting
 + Level 5.0 Maces & Flails
 - Level 4.3 Throwing
 - Level 1.7 Dodging
 + Level 3.2 Stealth


You had 4 spell levels left.
You didn't know any spells.

Dungeon Overview and Level Annotations

Branches:
Dungeon (4/16)
 Temple: D:4-7

Altars:

Annotations:
D:4 Edmund


Innate Abilities, Weirdness & Mutations

You are too large for most types of armour.
You have a fast metabolism.
You can tolerate rotten meat.
You have tough skin (AC +1).


Message History

Aim: Edmund, wielding a glowing flail and wearing a runed scale mail (moderately wounded)
You throw a large rock. The large rock misses Edmund.
The hound barely misses you. Edmund hits you with a glowing flail!
The hound bites you. The jelly closely misses you.
Throwing (i - inventory. (,) - cycle):
y - 3 large rocks (quivered)
Press: ? - help, Shift-Dir - straight line, f/p - Edmund
Aim: Edmund, wielding a glowing flail and wearing a runed scale mail (moderately wounded)
You throw a large rock. The large rock crashes through Edmund.
Edmund is heavily wounded.
The hound misses you. Edmund closely misses you.
The jelly hits you but does no damage.
Throwing (i - inventory. (,) - cycle):
y - 2 large rocks (quivered)
Press: ? - help, Shift-Dir - straight line, f/p - Edmund
Aim: Edmund, wielding a glowing flail and wearing a runed scale mail (heavily wounded)
You throw a large rock. The large rock misses Edmund.
The hound closely misses you. The hound misses you. Edmund barely misses you.
The jelly hits you.
* * * LOW HITPOINT WARNING * * *
You are splashed with acid!
The acid burns!
You die...

##.###.......
#...##......g#
#..............
#.<...........
####%#.......#
#......##.#
#......##.##...
#....J@........
#....@h........
#>............
#######.....##
.....# ######


You could see Edmund, a hound and a jelly.

Vanquished Creatures
  Sigmund (D:3)
  Ijyb (D:3)
  Jessica (D:3)
  Terence (D:3)
  An adder (D:3)
  A giant mite (D:1)
  A worm (D:3)
  An orc (D:3)
  5 bats
  4 giant cockroaches
  7 goblins
  4 hobgoblins
  A quokka (D:2)
  2 kobolds (D:2)
  4 rats
35 creatures vanquished.

Notes
Turn   | Place    | Note
--------------------------------------------------------------
     0 | D:1      | Jenx, the Ogre Hunter, began the quest for the Orb.
     0 | D:1      | Reached XP level 1. HP: 22/22 MP: 1/1
    87 | D:1      | Reached skill level 1 in Stealth
   174 | D:1      | HP: 1/22 [hobgoblin (2)]
   441 | D:1      | Reached XP level 2. HP: 25/29 MP: 2/2
  1264 | D:2      | Reached XP level 3. HP: 34/36 MP: 3/3
  1977 | D:3      | Noticed Terence
  1981 | D:3      | Killed Terence
  2016 | D:3      | Noticed Ijyb
  2022 | D:3      | Killed Ijyb
  2022 | D:3      | Reached XP level 4. HP: 44/44 MP: 4/4
  2059 | D:3      | Noticed Jessica
  2064 | D:3      | Killed Jessica
  2162 | D:3      | Noticed Sigmund
  2184 | D:3      | Killed Sigmund
  2184 | D:3      | Reached skill level 5 in Maces & Flails
  2184 | D:3      | Reached XP level 5. HP: 6/50 MP: 5/5
  2668 | D:4      | Noticed Edmund
  2676 | D:4      | Splashed by a jelly's acid

Action                   |  1- 3 |  4- 6 || total
-------------------------+-------+-------++-------
Melee: Club              |   112 |    10 ||   122
       Mace              |       |     3 ||     3
Throw: Large rock        |    12 |    16 ||    28
       Dart              |       |     1 ||     1
       Throwing net      |       |     1 ||     1
       Tomahawk          |       |     5 ||     5
 Stab: Confused          |     1 |       ||     1
       Sleeping          |     1 |       ||     1
